 Dungeon Crawl Stone Soup version 0.30-a0-469-g84de5afbc5 (webtiles) character file.

Game seed: 10573791799519492639

188 Sabo the Covered (level 5, -9/48 HPs)
             Began as an Armataur Fighter on Dec 19, 2022.
             Mangled by p00ps00p's ghost (11 damage)
             ... on level 3 of the Dungeon.
             The game lasted 00:17:49 (2927 turns).

Sabo the Covered (Armataur Fighter)                 Turns: 2927, Time: 00:17:50

Health: -9/48      AC:  8    Str: 23    XL:     5   Next: 39%
Magic:  5/5        EV:  7    Int: 14    God:
Gold:   116        SH:  9    Dex: 10    Spells: 4/4 levels left

rFire   . . .      SeeInvis .    e - +0 falchion (vorpal)
rCold   . . .      Faith    .    c - +0 buckler
rNeg    . . .      Spirit   .    b - +0 scale mail
rPois   .          Reflect  +    (no helmet)
rElec   .          Harm     .    (no cloak)
rCorr   .          Roll     +    m - +0 pair of gloves
Will    .....                    (no barding)
Stlth   ..........               k - amulet of reflection
HPRegen 0.28/turn                h - +6 ring of intelligence
MPRegen 0.09/turn                (no ring)

@: no status effects
A: large, rugged brown scales 3, deformed body, armoured tail, roll, long
tongue, awkward tongue
a: no special abilities


You were on level 3 of the Dungeon.
You visited 1 branch of the dungeon, and saw 3 of its levels.

You collected 116 gold pieces.

Inventory:

Hand Weapons
 a - a +0 long sword
 e - a +0 vorpal falchion (weapon)
 u - a +0 longbow
Missiles
 d - a boomerang of dispersal (quivered)
Armour
 b - a +0 scale mail (worn)
 c - a +0 buckler (worn)
 m - a +0 pair of gloves (worn)
Jewellery
 h - a +6 ring of intelligence (left hand)
 k - an amulet of reflection (around neck)
Scrolls
 i - a scroll of acquirement {unknown}
 o - 2 scrolls of teleportation
 p - a scroll of magic mapping {unknown}
 s - a scroll of blinking {unknown}
 t - 3 scrolls of fog
 v - a scroll of immolation {unknown}
Potions
 g - a potion of heal wounds {unknown}
 j - a potion of haste {unknown}
 l - 2 potions of brilliance {unknown}
 n - a potion of curing {unknown}
 q - a potion of resistance {unknown}
 w - a potion of cancellation {unknown}


   Skills:
 + Level 3.2 Fighting
 + Level 3.6 Long Blades
 + Level 4.6 Armour
 + Level 0.4 Dodging
 + Level 0.2 Stealth
 + Level 4.1 Shields


You had 4 spell levels left.
You didn't know any spells.
Your spell library was empty.

Dungeon Overview and Level Annotations

Branches:
Dungeon (3/15)

Altars:
Ru

Annotations:
D:3 1 transporter, p00ps00p's ghost, amateur HOFi


Innate Abilities, Weirdness & Mutations

You are completely covered in rugged brown scales. (AC +3, +7% HP)
Armour fits poorly on your strangely shaped body.
You have a long armoured tail.
You roll when moving toward enemies. (Rampage)
Your long tongue fully drains potion bottles. (2x potion effects)
Your tongue gives you trouble enunciating. (1.5x scroll delay)


Message History

o - 2 scrolls of teleportation You drop a scroll of vulnerability.
e - a +0 vorpal falchion (weapon)
The ogre shouts!
P00ps00p's ghost turns its malevolent gaze towards you.
There is a transporter here.
You enter the transporter and appear at another place.
You roll towards the ogre!
You hit the ogre.
The ogre is moderately wounded.
The ogre hits you with a +0 giant club.
You hit the ogre. You tail-slap the ogre.
The ogre is heavily wounded.
You block the ogre's attack.
You hit the ogre but do no damage.
The ogre is heavily wounded.
You barely miss the ogre.
The ogre is heavily wounded.
The ogre barely misses you. You block p00ps00p's ghost's attack.
P00ps00p's ghost hits you!
You hit the ogre.
The ogre is severely wounded.
You block the ogre's attack.
P00ps00p's ghost hits you but does no damage.
You hit the ogre.
The ogre is almost dead.
The ogre hits you with a +0 giant club!!
Ouch! That really hurt!
* * * LOW HITPOINT WARNING * * *
You block p00ps00p's ghost's attack.
You hit the ogre.
You kill the ogre!
P00ps00p's ghost hits you!
* * * LOW HITPOINT WARNING * * *
Your Shields skill increases to level 4!
You have reached level 5!
You hit the ogre. You tail-slap the ogre.
The ogre is lightly wounded.
You block the ogre's attack. P00ps00p's ghost hits you!
You die...

...........##.#
.##.######.##.# #####
.##.# #.....########..#
.##.# #.....#©.....#..#
.##.# #.....#..##..#..#
.##.####.....#.#..#.#..#
.#.#.........#.#..#.#..#
.##.######...#.W##.$#©.##
.##.# #.#.#©.@O.(#...#
....# #.#.#..##..#©..#
##### #.#.#.#..#.#...#
..# #.#.#.#..#.#...# #.#
#.#.#..##..#...# #.#
#.#.#......#...# #.#
#.#.########...#
#.########.#..# #.####..#
...........#..# #.####.##


You could see an ogre and p00ps00p's ghost.

Vanquished Creatures
  An ogre (D:3)
  An orc wizard (D:3)
  An adder (D:2)
  A worm (D:2)
  6 orcs
  6 ball pythons
  8 bats
  6 endoplasms
  A giant cockroach (D:1)
  2 goblins
  3 hobgoblins
  2 jackals (D:3)
  7 quokkas
  4 frilled lizards
  5 kobolds
  5 rats
59 creatures vanquished.

Notes
Turn   | Place    | Note
-------+----------+-------------------------------------------
     0 | D:1      | Sabo the Armataur Fighter began the quest for the Orb.
     0 | D:1      | Reached XP level 1. HP: 19/19 MP: 1/1
    79 | D:1      | Reached XP level 2. HP: 26/26 MP: 2/2
   683 | D:2      | Reached XP level 3. HP: 33/33 MP: 3/3
  1942 | D:2      | Upgraded the game from 0.30-a0-465-g8901f6c8b5 to
                  | 0.30-a0-469-g84de5afbc5
  1990 | D:3      | Found a sacrificial altar of Ru.
  2170 | D:3      | Reached XP level 4. HP: 40/40 MP: 4/4
  2308 | D:3      | Noticed p00ps00p's ghost (amateur HOFi)
  2309 | D:3      | Found a transporter.
  2309 | D:3      | Noticed an ogre
  2310 | D:3      | Identified the +1 great mace "Luidy" {freeze, *Corrode rC-
                  | Str+8 Dex+7}
  2310 | D:3      | Noticed an ogre
  2322 | D:3      | Found a transporter.
  2926 | D:3      | Killed an ogre
  2926 | D:3      | HP: 2/40 [p00ps00p's ghost (9)]
  2927 | D:3      | Reached XP level 5. HP: 2/48 MP: 5/5
  2927 | D:3      | Mangled by p00ps00p's ghost

Illustrated notes

Levels and vault maps discovered:
D:1:      saegor_arrival_simple_e, layout_rooms
D:2:      layout_basic, minmay_misc_feat_tiny
D:3:      layout_loops_ring, mainiacjoe_overflow_concentric_impassable,
          gammafunk_ghost_smash, hangedman_decor_push

Skill      XL: |  1  2  3  4 |
---------------+-------------+-----
Fighting       | 3 |  3.2
Long Blades    | 2 3 |  3.6
Armour         | 4 |  4.6
Shields        | 4 |  4.1
Dodging        | |  0.4
Stealth        | |  0.2

Action                   |  1- 3 |  4- 6 || total
-------------------------+-------+-------++-------
Melee: Long sword        |   123 |    37 ||   160
       Tailslap          |    21 |     5 ||    26
       Falchion          |       |     8 ||     8
  Use: Scroll            |       |     3 ||     3
       Potion            |       |     1 ||     1
Armor: Scale mail        |    73 |    12 ||    85
Dodge: Dodged            |    64 |    10 ||    74
Block: Buckler           |    47 |    21 ||    68
       Reflection        |       |     2 ||     2

Table legend: (Time is in decaauts)
 A = Elapsed time spent in this place.
 B = Non-inter-level travel time spent in this place.
 C = Inter-level travel time spent in this place.
 D = Time resting spent in this place.
 E = Time spent auto-exploring this place.
 F = Levels seen in this place.
 G = Mean time per level.
                   A        B        C        D        E       F      G
               +--------+--------+--------+--------+--------+-----+--------+
         Total |   2977 |   2977 |      0 |    194 |      0 |   3 |  992.3 |
       Dungeon |   2977 |   2977 |      0 |    194 |      0 |   3 |  992.3 |
               +--------+--------+--------+--------+--------+-----+--------+

Top non-repeatable levels by time:
     D:2: 1315 daAuts
     D:3: 970 daAuts
     D:1: 691 daAuts
